[Event "Team 45 45 League T52"]
[Site "Internet Chess Club"]
[Date "2012.02.16"]
[Round "1"]
[White "Aquaman"]
[Black "Iowa-Archer"]
[Result "0-1"]
[WhiteElo "1213"]
[BlackElo "1317"]
[Opening "Réti: King's Indian attack (Barcza system)"]
[ECO "A07"]
[Time "20:00:36"]
[TimeControl "2700+45"]

1. Nf3 d5 2. g3 Nc6 3. Bg2 e5 4. d3 Nf6 5. Nbd2 Bc5 6. O-O O-O 7. a3 Bg4 8. h3
Bf5 9. c3 e4 10. dxe4 dxe4 11. Nh4 Qd7 12. Nxf5 Qxf5 13. e3 Rad8 14. Qc2 Rfe8
15. Nf3 Qe6 16. Nd4 Nxd4 17. cxd4 Be7 18. Qxc7 Rd7 19. Qc2 Nd5 20. Qxe4 Qc6 21.
Qb1 Rd6 22. e4 Nb6 23. e5 Rd5 24. Bxd5 Qxd5 25. Be3 Nc4 26. Qc1 f6 27. exf6 Bxf6
28. Re1 Kf7 29. Qc3 Rd8 30. Rac1 Bxd4 31. Bxd4 Qxd4 32. Qxc4+ Qxc4 33. Rxc4 Rd2
34. Rc7+ Kf6 35. Rxb7 g6 36. Rc1 h5 37. Rc6+ Kg5 38. h4+ Kg4 39. Rxg6+ Kh3 40.
b4 Rd1# {White checkmated} 0-1

[Event "Team 45 45 League T52"]
[Site "Internet Chess Club"]
[Date "2012.02.20"]
[Round "1"]
[White "nlobo"]
[Black "Docvan"]
[Result "0-1"]
[WhiteElo "1109"]
[BlackElo "1166"]
[Opening "French: Winawer, fingerslip variation"]
[ECO "C15"]
[Time "09:00:08"]
[TimeControl "2700+45"]

1. e4 e6 2. d4 d5 3. Nc3 Bb4 4. Bd2 c5 5. exd5 exd5 6. Qe2+ Be6 7. O-O-O cxd4 8.
Qb5+ Nc6 9. Qxb7 Rc8 10. Nb5 a6 11. Qxa6 Nge7 12. Bxb4 Nxb4 13. Nd6+ Kf8 14.
Nxf7 Rxc2+ 15. Kb1 Bxf7 16. Qa4 Qb6 17. Bb5 Qc5 18. Ne2 Bg6 19. a3 Rxe2+ 20. Ka1
Nc2+ 21. Ka2 Rxf2 22. Rhf1 d3 23. Bxd3 Nxa3 24. Rc1 Nc4 25. Bxc4 dxc4 26. Rxc4
Qd5 27. Rxf2+ Bf7 28. Qb4 g6 29. Qc3 Qxc4+ 30. Qxc4 Nf5 31. b3 Bxc4 32. g4 Be6
33. Re2 Kf7 34. gxf5 gxf5 35. Rc2 Rb8 36. Rc7+ Kg6 37. Rc6 Kf6 38. Ka3 Rxb3+ 39.
Ka4 Rh3 40. Rc2 h5 41. Kb5 Rb3+ 42. Kc5 f4 43. Rd2 f3 44. Rd4 Rb2 45. Rf4+ Bf5
46. h4 f2 47. Rf3 Ke5 48. Kc4 Ke4 49. Rd3 f1=Q 50. Kc3 Qxd3+ 51. Kxb2 {White
resigns} 0-1

[Event "Team 45 45 League T52"]
[Site "Internet Chess Club"]
[Date "2012.02.18"]
[Round "1"]
[White "BTop"]
[Black "LazyPeon"]
[Result "1-0"]
[WhiteElo "1768"]
[BlackElo "1788"]
[Opening "English opening"]
[ECO "A20"]
[Time "14:00:12"]
[TimeControl "2700+45"]

1. c4 e5 2. g3 Nf6 3. Bg2 d5 4. cxd5 Nxd5 5. Nc3 Nb6 6. Nf3 Nc6 7. O-O Be7 8. a3
O-O 9. b4 f6 10. d3 Be6 11. Bb2 a6 12. Ne4 Nd4 13. Nfd2 Qd7 14. Rc1 Na4 15. Ba1
f5 16. Nc3 Nxc3 17. Bxc3 c5 18. bxc5 Bxc5 19. e3 Nc6 20. Bxc6 Qxc6 21. Bxe5 Qd5
22. d4 Bxa3 23. Rc7 Bd7 24. Nc4 Rf7 25. Nb6 Qe4 26. Nxd7 Rd8 27. Qb3 {Black
resigns} 1-0

[Event "Team 45 45 League T52"]
[Site "Internet Chess Club"]
[Date "2012.02.19"]
[Round "1"]
[White "ticopatzer"]
[Black "monkeyshark"]
[Result "0-1"]
[WhiteElo "1662"]
[BlackElo "1497"]
[Opening "QGD: Orthodox defense"]
[ECO "D60"]
[Time "15:05:48"]
[TimeControl "2700+45"]

1. d4 d5 2. c4 e6 3. Nc3 Nf6 4. Bg5 Be7 5. e3 O-O 6. Nf3 Nbd7 7. cxd5 exd5 8.
Bd3 c5 9. O-O c4 10. Bc2 b6 11. b3 Ba6 12. bxc4 Bxc4 13. Bd3 Qc7 14. Bf4 Bd6 15.
Bxc4 dxc4 16. Ne2 Bxf4 17. Nxf4 Rac8 18. Qa4 Rfe8 19. Rfc1 c3 20. Rc2 Ne4 21.
Rac1 Ndf6 22. Qb3 Red8 23. Ne5 g5 24. Nh3 Kg7 25. f3 g4 26. Nf4 gxf3 27. gxf3
Ng5 28. Rxc3 Qb7 29. Rxc8 Rxc8 30. Rxc8 Qxc8 31. h4 Qc1+ 32. Kg2 Qd2+ 33. Kf1
Qc1+ 34. Ke2 Ne6 35. Nxe6+ fxe6 36. Qxe6 Qc2+ 37. Kf1 Qd1+ 38. Kg2 Qe2+ 39. Kg3
Qe1+ 40. Kf4 Qxh4+ 41. Ng4 Nh5+ 42. Ke5 Qg5+ 43. Qf5 Qe7+ 44. Kd5 Qb7+ 45. Kc4
Qa6+ 46. Kd5 Qxa2+ 47. Ke5 Qa5+ 48. Ke4 Ng3+ {White resigns} 0-1

[Event "Team 45 45 League T52"]
[Site "Internet Chess Club"]
[Date "2012.02.18"]
[Round "1"]
[White "Insan996"]
[Black "realchess"]
[Result "0-1"]
[WhiteElo "1564"]
[BlackElo "1814"]
[Opening "King's Indian: 6.Be2"]
[ECO "E91"]
[Time "18:04:28"]
[TimeControl "60+45"]

1. d4 Nf6 2. Nf3 g6 3. c4 Bg7 4. Nc3 O-O 5. e4 d6 6. Be2 Bg4 7. h3 Bxf3 8. Bxf3
Nfd7 9. O-O Nc6 10. Be3 e5 11. d5 Ne7 12. Qc2 f5 13. Bg5 Bf6 14. Bxf6 Rf7 15.
Qc1 Rxf6 16. Qd1 Rf7 17. Qc2 Rf6 18. exf5 Nxf5 19. Bg4 Nd4 20. Qd2 h5 21. Bxd7
Qxd7 22. Qg5 Raf8 23. Rae1 Qxh3 24. Qxf6 Qg4 25. Qe7 Nf3+ 26. Kh1 Nxe1 27. Rxe1
Rxf2 28. Qe6+ Qxe6 29. dxe6 Kf8 30. Ne4 Rf4 31. Re2 Ke7 32. g3 Rf5 33. Rf2 Kxe6
34. Kg2 Rxf2+ 35. Kxf2 c6 36. b3 b6 37. Ng5+ Kf6 38. Ne4+ Ke6 39. Ke3 d5 40.
cxd5+ cxd5 41. Nd2 Kf5 42. a4 Kg4 43. Nf1 a5 44. Kf2 Kf5 45. Ke3 g5 46. Kf3 e4+
47. Ke3 Ke5 48. Nd2 h4 49. gxh4 gxh4 50. Nf1 d4+ 51. Kf2 Kf4 52. Nh2 d3 53. Nf1
h3 54. Nh2 e3+ 55. Ke1 Ke4 56. Ng4 Kf4 57. Nh2 e2 58. Kf2 Ke4 59. Nf3 e1=Q+ 60.
Nxe1 d2 61. Ke2 dxe1=Q+ 62. Kxe1 Kd3 63. Kf1 Kc3 64. Kg1 Kxb3 65. Kh2 Kxa4 66.
Kxh3 Kb3 {White resigns} 0-1

[Event "Team 45 45 League T52"]
[Site "Internet Chess Club"]
[Date "2012.02.19"]
[Round "1"]
[White "Vin07"]
[Black "jhbchess"]
[Result "0-1"]
[WhiteElo "1499"]
[BlackElo "1534"]
[Opening "QGD Slav: 4.e3 Bf5"]
[ECO "D12"]
[Time "10:00:26"]
[TimeControl "2700+45"]

1. d4 c6 2. Nf3 d5 3. e3 Bf5 4. c4 Nf6 5. Nc3 e6 6. b3 Be7 7. Bb2 a6 8. Be2 Qc7
9. Rc1 Nbd7 10. O-O Bd6 11. h3 O-O 12. cxd5 exd5 13. Qd2 Ne4 14. Qd1 Nxc3 15.
Rxc3 Nf6 16. Rc1 Be4 17. Nd2 Bg6 18. Nf3 Ne4 19. Nh4 f5 20. Nxg6 hxg6 21. Bd3
Rae8 22. Qc2 Rf7 23. Bc3 Ref8 24. Bd2 Rf6 25. f3 Bh2+ 26. Kh1 Ng3+ 27. Kxh2
Nxf1+ 28. Kg1 Nxd2 29. Qxd2 g5 30. f4 gxf4 31. exf4 Re8 32. Qf2 Rfe6 33. Kf1 g6
34. Rd1 Re3 35. Kg1 Qa5 36. Kh2 Qc3 37. Bf1 Re1 38. Rxe1 Rxe1 {White resigns}
0-1

[Event "Team 45 45 League T52"]
[Site "Internet Chess Club"]
[Date "2012.02.17"]
[Round "1"]
[White "Buford-Julep"]
[Black "Grenadier"]
[Result "0-1"]
[WhiteElo "1636"]
[BlackElo "1784"]
[Opening "Queen's pawn game, Darooha variation "]
[ECO "D02"]
[Time "09:00:38"]
[TimeControl "2700+45"]

1. Nf3 d5 2. d4 Nf6 3. c4 Bf5 4. Qb3 b6 5. Nc3 dxc4 6. Qxc4 e6 7. Bf4 Bd6 8.
Bxd6 cxd6 9. Nb5 O-O 10. Nc7 Nbd7 11. Nxa8 Qxa8 12. Rc1 Be4 13. Qc3 h6 14. g3
Bb7 15. Bg2 Nd5 16. Qd2 N7f6 17. O-O Ne4 18. Qd1 f5 19. Nd2 Ndf6 20. Nxe4 Nxe4
21. Qb3 Bd5 22. Qe3 Rf6 23. Rc7 Ng5 24. Bxd5 Qxd5 25. Rfc1 Nh3+ 26. Kf1 Qh1#
{White checkmated} 0-1

[Event "Team 45 45 League T52"]
[Site "Internet Chess Club"]
[Date "2012.02.19"]
[Round "1"]
[White "zepled37"]
[Black "pauliewoll"]
[Result "0-1"]
[WhiteElo "1586"]
[BlackElo "1641"]
[Opening "Sicilian: dragon variation"]
[ECO "B70"]
[Time "10:07:08"]
[TimeControl "2700+45"]

1. e4 c5 2. Nf3 d6 3. d4 cxd4 4. Nxd4 Nf6 5. Nc3 g6 6. g3 Bg7 7. Bg2 O-O 8. O-O
Nc6 9. Nde2 Bd7 10. h3 Qc8 11. Kh2 Rb8 12. a4 b6 13. Be3 a6 14. Qc1 Ne5 15. f4
Nc4 16. Bg1 b5 17. axb5 Bxb5 18. Nxb5 Rxb5 19. Bd4 Nxb2 20. e5 dxe5 21. fxe5
Ng4+ 22. hxg4 Bxe5 23. Bxe5 Rxe5 24. Rf2 Qxg4 25. Bf3 Qb4 26. Rb1 Qc5 27. Kg2
Nc4 28. Rb3 Rc8 29. c3 Ne3+ 30. Kg1 a5 31. Nd4 Qd6 32. Ne2 a4 33. Ra3 Nc4 34.
Rxa4 Qd3 35. Qf4 Qd1+ 36. Kg2 Qxa4 37. Bd5 Ne3+ 38. Kh1 Qxf4 39. Rxf4 Rxd5
{White resigns} 0-1

[Event "Team 45 45 League T52"]
[Site "Internet Chess Club"]
[Date "2012.02.20"]
[Round "1"]
[White "nosir"]
[Black "GoIrish"]
[Result "1/2-1/2"]
[WhiteElo "1496"]
[BlackElo "1611"]
[Opening "Alekhine's defense: exchange variation"]
[ECO "B03"]
[Time "20:30:43"]
[TimeControl "2700+45"]

1. e4 Nf6 2. e5 Nd5 3. d4 d6 4. c4 Nb6 5. exd6 cxd6 6. Nc3 g6 7. Nf3 Bg4 8. Be2
d5 9. c5 Nc8 10. Bf4 Nc6 11. O-O Bxf3 12. Bxf3 e6 13. Nb5 e5 14. dxe5 Bxc5 15.
Bxd5 Qb6 16. Bxc6+ bxc6 17. Nc3 Qxb2 18. Na4 Qd4 19. Nxc5 Qxc5 20. Bh6 Ne7 21.
Bg7 Rg8 22. Bf6 Nd5 23. Re1 Kd7 24. Rc1 Qb5 25. Qg4+ Kc7 26. Bh4 Qb4 27. Qxb4
Nxb4 28. Re2 Rge8 29. f4 Nd5 30. Bg3 h5 31. h4 Rab8 32. Kf2 Rb4 33. Rec2 Re6 34.
Rc4 a5 35. a3 Rb3 36. a4 Nb4 37. R1c3 Rb2+ 38. Kf3 Ra2 39. Bf2 Nd5 40. Rc2 Ra3+
41. Ke2 Nb4 42. R2c3 Rxc3 43. Rxc3 Nd5 44. Rf3 Re8 45. g3 Rb8 46. Be1 Nb4 47.
Rb3 c5 48. Kd2 Rd8+ 49. Kc3 Rd3+ 50. Kc4 Rxb3 51. Kxb3 Kc6 52. Kc4 Kb6 53. Bf2
Kc6 54. Bxc5 Na6 55. Be7 Nc7 56. Bd6 Na6 {Game drawn by mutual agreement}
1/2-1/2

[Event "Team 45 45 League T52"]
[Site "Internet Chess Club"]
[Date "2012.02.20"]
[Round "1"]
[White "BrerRabbit"]
[Black "SirIvanhoe"]
[Result "1/2-1/2"]
[WhiteElo "1507"]
[BlackElo "1481"]
[Opening "English: Caro-Kann defensive system"]
[ECO "A11"]
[Time "19:02:11"]
[TimeControl "2700+45"]

1. c4 c6 2. g3 d5 3. Nf3 Nf6 4. Bg2 e6 5. b3 g6 6. Bb2 Bg7 7. Qc2 O-O 8. O-O
Nbd7 9. d3 Re8 10. Nbd2 e5 11. Rac1 e4 12. dxe4 dxe4 13. Ng5 e3 14. Nde4 exf2+
15. Nxf2 Nf8 16. Rcd1 Qa5 17. Bc1 Bf5 18. e4 Bg4 19. Nxg4 Nxg4 20. Bf4 Qc5+ 21.
Kh1 Ne3 22. Bxe3 Qxe3 23. Nh3 Rad8 24. Rde1 Qd2 25. Re2 Qxc2 26. Rxc2 Rd4 27.
Rcf2 Re7 28. Ng5 Rdd7 29. Bh3 Rc7 30. Bg2 Rcd7 31. Bh3 Rc7 32. Bg2 {Game drawn
by mutual agreement} 1/2-1/2

[Event "Team 45 45 League T52"]
[Site "Internet Chess Club"]
[Date "2012.02.19"]
[Round "1"]
[White "dpmdpm"]
[Black "dscvdchk"]
[Result "0-1"]
[WhiteElo "1521"]
[BlackElo "1437"]
[Opening "Scandinavian: Marshall variation"]
[ECO "B01"]
[Time "09:05:26"]
[TimeControl "2700+45"]

1. e4 d5 2. exd5 Nf6 3. d4 Nxd5 4. Nf3 g6 5. Be2 Bg7 6. O-O O-O 7. c4 Nf6 8. Nc3
Nbd7 9. Bf4 c6 10. Qd2 Nb6 11. Rfe1 Bg4 12. h3 Bxf3 13. Bxf3 Nxc4 14. Qe2 Nb6
15. Rad1 e6 16. Bg5 Qc7 17. Ne4 Nxe4 18. Qxe4 Nd5 19. Qc2 Rac8 20. Qb3 Qb6 21.
Qxb6 Nxb6 22. b3 Rfe8 23. g4 Nd5 24. Bxd5 cxd5 25. Kf1 Rc2 26. Re2 Rec8 27. Rdd2
Rc1+ 28. Re1 b5 29. Rdd1 Rxd1 30. Rxd1 Rc2 31. a3 Kf8 32. Ke1 Ke8 33. Be3 Kd7
34. Rd2 Rc3 35. Rb2 Bf8 36. Bd2 Rxh3 {White resigns} 0-1

[Event "Team 45 45 League T52"]
[Site "Internet Chess Club"]
[Date "2012.02.21"]
[Round "1"]
[White "PsyMar"]
[Black "otib2006"]
[Result "1-0"]
[WhiteElo "1326"]
[BlackElo "1296"]
[Opening "Sicilian: Anderssen variation"]
[ECO "B41"]
[Time "11:00:10"]
[TimeControl "2700+45"]

1. e4 c5 2. Nf3 e6 3. d4 cxd4 4. Nxd4 Nf6 5. Nc3 Nc6 6. Be2 Bb4 7. Bg5 Bxc3+ 8.
bxc3 Qa5 9. Bxf6 Qxc3+ 10. Kf1 gxf6 11. Nb5 Qe5 12. Rb1 a6 13. Nd6+ Ke7 14.
Nxc8+ Raxc8 15. Rxb7 Qd4 16. Qxd4 Nxd4 17. Bxa6 Rxc2 18. g3 Rxa2 19. Bb5 Nxb5
20. Rxb5 Rc8 21. Kg2 Re2 22. Kf3 Rec2 23. Re1 R8c3+ 24. Re3 Rxe3+ 25. Kxe3 Rc3+
26. Kd2 Ra3 27. Rh5 Ra2+ 28. Ke3 Ra3+ 29. Ke2 Ra2+ 30. Kf3 Ra3+ 31. Kg2 Ra4 32.
f3 Ra2+ 33. Kh3 Ra3 34. Kg4 Ra8 35. Rxh7 Rg8+ 36. Kh3 f5 37. e5 d6 38. exd6+
Kxd6 39. Rxf7 Ke5 40. f4+ Ke4 41. Kg2 e5 42. fxe5 Kxe5 43. h4 Ke6 44. Ra7 f4 45.
Ra6+ Kd5 46. Ra5+ Kc6 47. Rg5 Rf8 48. g4 Rh8 49. h5 Kd6 50. Kf3 Ke6 51. Kxf4
Rf8+ 52. Rf5 Rg8 53. Ra5 Rf8+ 54. Ke4 Rb8 55. Ra6+ Kd7 56. Kf5 Rb5+ 57. Kg6 Kc7
58. Rf6 Kd7 59. Rf5 Rb4 60. g5 Ke7 61. h6 Rb6+ 62. Rf6 Rb8 63. Rf7+ Ke6 64. Rc7
Rg8+ 65. Rg7 Rh8 66. h7 Ke5 67. Rg8 Rxh7 68. Kxh7 Kf5 69. Kh6 Ke6 70. Rf8 Ke7
71. Rf1 {Black resigns} 1-0

[Event "Team 45 45 League T52"]
[Site "Internet Chess Club"]
[Date "2012.02.17"]
[Round "1"]
[White "dabodhi"]
[Black "tcianciola"]
[Result "0-1"]
[WhiteElo "1180"]
[BlackElo "1267"]
[Opening "Sicilian"]
[ECO "B54"]
[Time "14:00:09"]
[TimeControl "2700+45"]

1. e4 c5 2. Nf3 d6 3. d4 cxd4 4. Nxd4 e5 5. Nb3 Nf6 6. Nc3 Be7 7. Bc4 O-O 8. O-O
Be6 9. Be2 Nc6 10. f4 Qb6+ 11. Kh1 Rfd8 12. Nd5 Bxd5 13. exd5 Nb4 14. c4 Ne4 15.
a3 Na6 16. f5 Nf2+ 17. Rxf2 Qxf2 18. Bd3 Nc5 19. Nxc5 Qxc5 20. Qg4 Bf6 21. Bg5
Bxg5 22. Qxg5 f6 23. Qd2 Qd4 24. Rd1 e4 25. Bf1 Qxd2 26. Rxd2 e3 27. Rc2 Re8 28.
Be2 Re4 29. b3 Rae8 30. g3 R8e5 31. g4 Rf4 32. Kg1 g6 33. fxg6 hxg6 34. Kg2 f5
35. g5 Rf2+ 36. Kg1 f4 37. c5 Rxg5+ 38. Kh1 Rxd5 39. cxd6 Rxd6 40. Rc8+ Kg7 41.
Rc7+ Kh6 42. Rc2 f3 43. Rc8 Rxe2 44. Rh8+ Kg7 45. Re8 Rd1# {White checkmated}
0-1

[Event "Team 45 45 League T52"]
[Site "Internet Chess Club"]
[Date "2012.02.19"]
[Round "1"]
[White "medsurg"]
[Black "Just-Jim"]
[Result "1/2-1/2"]
[WhiteElo "1345"]
[BlackElo "1416"]
[Opening "Queen's pawn game"]
[ECO "D02"]
[Time "17:00:33"]
[TimeControl "2700+45"]

1. d4 d5 2. Nf3 f5 3. Bf4 e6 4. e3 a6 5. Bd3 Bd6 6. Bg5 Be7 7. Bxe7 Nxe7 8. Nbd2
h6 9. Ne5 O-O 10. Qh5 Qe8 11. Qh3 Nbc6 12. Ndf3 Nxe5 13. Nxe5 Ng6 14. Qg3 Nxe5
15. Qxe5 Qe7 16. Rc1 Qb4+ 17. Kd1 Qxb2 18. Qxc7 Qxa2 19. Ke2 Qa4 20. Ra1 Qd7 21.
Qe5 Qf7 22. f3 f4 23. e4 dxe4 24. Bxe4 Qf6 25. Rhb1 Qxe5 26. dxe5 Rb8 27. Rb6
Rf7 28. Rab1 Rc7 29. Rd6 Bd7 30. Rdb6 Bb5+ 31. Ke1 Rc5 32. Rxe6 Re8 33. Rxe8+
Bxe8 34. Bxb7 Rxe5+ 35. Kd2 Bb5 36. Be4 g5 37. Bd3 Rd5 38. Rc1 Bxd3 39. cxd3 a5
40. Rc4 Kg7 41. Kc3 h5 42. h3 Re5 43. Re4 Rc5+ 44. Kb3 Rc1 45. Re2 Kf6 46. d4
Rd1 47. Kc4 a4 48. d5 a3 49. Ra2 Ke5 50. Rxa3 Rxd5 51. Kc3 Rc5+ 52. Kd2 Kd4 53.
Rd3+ Ke5 {Game drawn by mutual agreement} 1/2-1/2

[Event "Team 45 45 League T52"]
[Site "Internet Chess Club"]
[Date "2012.02.18"]
[Round "1"]
[White "guyd52"]
[Black "tamky70"]
[Result "1-0"]
[WhiteElo "1324"]
[BlackElo "1388"]
[Opening "Réti: King's Indian attack (Barcza system)"]
[ECO "A07"]
[Time "18:00:32"]
[TimeControl "2700+45"]

1. Nf3 d5 2. g3 Bg4 3. Bg2 Nc6 4. d3 e5 5. O-O Qd7 6. Nbd2 Bh3 7. c3 Bxg2 8.
Kxg2 f6 9. e4 O-O-O 10. b4 g5 11. Qe2 h5 12. Bb2 h4 13. Rh1 g4 14. Nxh4 Rxh4 15.
gxh4 Nce7 16. h3 Ng6 17. Kg3 gxh3 18. Qg4 Nf4 19. Qxd7+ Kxd7 20. Rad1 Nh6 21.
Bc1 Bd6 22. Nf1 Rg8+ 23. Kf3 dxe4+ 24. dxe4 Rg4 25. Bxf4 Rxf4+ 26. Kg3 Ng4 27.
Rd2 Rxe4 28. f3 Rc4 29. fxg4 Rxc3+ 30. Kf2 Ke6 31. b5 b6 32. Ne3 Bc5 33. Rxh3
Bb4 34. Rd8 Ra3 35. Kf3 Rxa2 36. h5 Kf7 37. h6 Be7 38. Rc8 Bf8 39. h7 e4+ 40.
Kxe4 Ra4+ 41. Kf3 Bd6 42. h8=Q Rf4+ 43. Ke2 Rxg4 44. Qh5+ {Black resigns} 1-0

[Event "Team 45 45 League T52"]
[Site "Internet Chess Club"]
[Date "2012.02.18"]
[Round "1"]
[White "theartist"]
[Black "WilmaP"]
[Result "0-1"]
[WhiteElo "1230"]
[BlackElo "1200"]
[Opening "QGD Slav: 3.Nf3"]
[ECO "D11"]
[Time "12:31:41"]
[TimeControl "2700+45"]

1. d4 d5 2. c4 c6 3. Nf3 Bf5 4. Nc3 e6 5. Qb3 Qd7 6. Nh4 Ne7 7. Nxf5 Nxf5 8. e3
c5 9. dxc5 a6 10. cxd5 Bxc5 11. dxe6 fxe6 12. Qa4 O-O 13. Qxd7 Nxd7 14. Bc4 Rfe8
15. a3 Nb6 16. Ba2 Rad8 17. b4 Bf8 18. Bb2 Kh8 19. Ne4 Rd7 20. Rd1 Rxd1+ 21.
Kxd1 Na4 22. Bd4 Nxd4 23. exd4 e5 24. d5 Rc8 25. Kd2 Nb6 26. Rc1 Rd8 27. Nc3 g6
28. Ke3 Bh6+ 29. Ke4 Bxc1 30. Kxe5 Bb2 31. d6 Bxc3+ 32. Ke6 Re8+ 33. Kf7 Rd8 34.
Ke7 Bf6+ 35. Kxf6 Rxd6+ 36. Ke5 Rd2 37. Be6 Re2+ 38. Kf6 Rxf2+ 39. Ke7 Re2 40.
Kf7 Rf2+ 41. Ke7 Na4 42. Bf7 Kg7 43. Be6 Nc3 44. Bh3 Nd5+ 45. Ke6 Nf4+ {White
resigns} 0-1

[Event "Team 45 45 League T52"]
[Site "Internet Chess Club"]
[Date "2012.02.20"]
[Round "1"]
[White "wekabird"]
[Black "Mclintock45"]
[Result "1-0"]
[WhiteElo "1165"]
[BlackElo "977"]
[Opening "English opening"]
[ECO "A22"]
[Time "20:00:15"]
[TimeControl "2700+45"]

1. c4 e5 2. Nc3 Nf6 3. e4 g6 4. Nf3 Bg7 5. h3 Nc6 6. d3 O-O 7. Be3 h6 8. g3 d6
9. Bg2 a6 10. O-O b5 11. cxb5 Nb4 12. a3 Nxd3 13. Qxd3 a5 14. a4 Be6 15. Nd2 h5
16. Bg5 h4 17. Bxf6 Qxf6 18. Nd5 Qg5 19. Nxc7 Rac8 20. Nxe6 fxe6 21. g4 Rcd8 22.
Nf3 Qf4 23. Nxh4 d5 24. Nxg6 Qf6 25. Nxf8 Qxf8 26. exd5 Qf4 27. d6 e4 28. Bxe4
Be5 29. Qg3 Qxe4 30. Qg2 Qc2 31. Rae1 Bxb2 32. Rxe6 Qb3 33. Re3 Qxa4 34. Qd5+
Kf8 35. d7 Kg7 36. Re8 Rxd7 37. Qxd7+ Kg6 38. Rg8+ Kf6 39. Qg7+ Ke6 40. Qxb2 Qf4
41. Re1+ Kd6 42. Rg6+ Kd5 43. Rf6 Qc7 44. Rc1 Qe7 45. Rf5+ Ke6 46. Re1+ Kd7 47.
Rxe7+ Kxe7 48. Qa3+ Kd7 49. Qxa5 Ke6 50. b6 Kd7 51. Qa6 {Black resigns} 1-0

[Event "Team 45 45 League T52"]
[Site "Internet Chess Club"]
[Date "2012.02.18"]
[Round "1"]
[White "az2112"]
[Black "JWB"]
[Result "0-1"]
[WhiteElo "1671"]
[BlackElo "1694"]
[Opening "Sicilian: dragon, 6.Be3"]
[ECO "B72"]
[Time "12:00:45"]
[TimeControl "2700+45"]

1. e4 c5 2. Nf3 d6 3. d4 cxd4 4. Nxd4 Nf6 5. Nc3 g6 6. Be3 Bg7 7. Bc4 Ng4 8.
Bb5+ Kf8 9. Qf3 Nxe3 10. fxe3 Nc6 11. Nxc6 bxc6 12. Bxc6 Rb8 13. Bd5 e6 14. O-O
Qe7 15. Bb3 Be5 16. Rad1 h5 17. Ne2 Kg7 18. Nd4 Bd7 19. Rd2 Rh7 20. c3 Rbh8 21.
Rdf2 Kg8 22. Qh3 g5 23. Qf3 g4 24. Qe2 g3 25. Rf3 gxh2+ 26. Kh1 Rg7 27. Qf2 h4
28. Rh3 Rh6 {White resigns} 0-1

[Event "Team 45 45 League T52"]
[Site "Internet Chess Club"]
[Date "2012.02.19"]
[Round "1"]
[White "Frankly"]
[Black "Duguesclin"]
[Result "0-1"]
[WhiteElo "1738"]
[BlackElo "1601"]
[Opening "King's Indian: orthodox variation"]
[ECO "E94"]
[Time "08:15:35"]
[TimeControl "2700+45"]

1. d4 Nf6 2. c4 g6 3. Nc3 Bg7 4. e4 d6 5. Nf3 O-O 6. Be2 e5 7. O-O Bg4 8. d5
Nbd7 9. Bg5 a5 10. Rb1 Nc5 11. h3 Bd7 12. Qc2 Qc8 13. a3 a4 14. Nd2 Ne8 15. b4
axb3 16. Nxb3 Rxa3 17. Nxc5 dxc5 18. Be7 Nd6 19. Bxf8 Qxf8 20. Rb3 Qa8 21. Rxa3
Qxa3 22. Bg4 f5 23. exf5 gxf5 24. Be2 e4 25. Nb5 Nxb5 26. cxb5 b6 27. Bc4 Kf8
28. Rd1 Bd4 29. Qe2 Qb4 30. Rc1 Qa3 31. Rb1 Qc3 32. Ba2 e3 33. fxe3 Qxe3+ 34.
Qxe3 Bxe3+ 35. Kf1 f4 36. Ke2 Bf5 37. Rf1 Ke7 38. Bc4 Be4 39. h4 Bxg2 40. Ra1
Bd4 41. Ra7 Kd6 42. Ra8 f3+ 43. Ke1 f2+ 44. Kd2 f1=Q 45. Bxf1 Bxf1 46. Rd8+ Ke7
47. Rc8 Kd7 48. Rf8 Bxb5 49. Rf7+ Kd6 50. Rxh7 Kxd5 51. Rxc7 c4 52. h5 c3+ 53.
Kc1 Kd6 54. Rc8 Kd7 55. Rg8 Bd3 56. Rg3 Bh7 57. h6 Ke6 58. Rh3 b5 59. Rh1 b4 60.
Re1+ Kd5 61. Re7 Bf5 62. h7 b3 63. Rf7 b2+ 64. Kd1 b1=Q+ 65. Ke2 Bxh7 {White
resigns} 0-1

[Event "Team 45 45 League T52"]
[Site "Internet Chess Club"]
[Date "2012.02.16"]
[Round "1"]
[White "powerchess1"]
[Black "philosopherking"]
[Result "1-0"]
[WhiteElo "1639"]
[BlackElo "1513"]
[Opening "Queen's pawn, Mason variation"]
[ECO "D00"]
[Time "19:06:35"]
[TimeControl "2700+45"]

1. d4 d5 2. Bf4 e6 3. e3 c5 4. c3 Qb6 5. Qc1 Nc6 6. Nf3 Nf6 7. Na3 a6 8. Bd3
cxd4 9. exd4 Bxa3 10. bxa3 Bd7 11. Rb1 Qa7 12. O-O O-O 13. Ne5 Rac8 14. Qb2 b5
15. Qd2 Na5 16. Bh6 Nc4 17. Nxc4 bxc4 18. Bxg7 Ne8 19. Bxf8 Kxf8 20. Qh6+ Ke7
21. Qh4+ Nf6 22. Be2 Qc7 23. Rb4 Qa5 24. Qg3 Bb5 25. a4 Bxa4 26. Rfb1 Bb5 27. a4
Bxa4 28. Rb7+ Bd7 29. Rb8 Rxb8 30. Rxb8 Qa2 31. Bf1 a5 32. Qc7 Ne8 33. Qd8+ Kd6
{Black resigns} 1-0

[Event "Team 45 45 League T52"]
[Site "Internet Chess Club"]
[Date "2012.02.19"]
[Round "1"]
[White "rayngrant"]
[Black "drsigmund1"]
[Result "1-0"]
[WhiteElo "1557"]
[BlackElo "1414"]
[Opening "Two knights defense"]
[ECO "C58"]
[Time "13:06:01"]
[TimeControl "2700+45"]

1. e4 e5 2. Nf3 Nc6 3. Bc4 Nf6 4. Ng5 d5 5. exd5 Na5 6. Bb5+ Bd7 7. Qe2 Bd6 8.
Nc3 O-O 9. O-O h6 10. Nge4 Nxe4 11. Nxe4 Be7 12. a3 c6 13. dxc6 Nxc6 14. c3 a6
15. Bd3 f5 16. Bc4+ Kh8 17. Ng3 f4 18. Ne4 Bf5 19. d3 Qd7 20. b4 Bxe4 21. Qxe4
f3 22. Re1 fxg2 23. Be3 Rf6 24. d4 Raf8 25. Bd3 Qf5 26. Qxf5 Rxf5 27. Bxf5 Rxf5
28. dxe5 Nxe5 29. Bd4 Nf3+ 30. Kxg2 Nxe1+ 31. Rxe1 Bf6 32. Bxf6 Rxf6 33. Re8+
Kh7 34. c4 Rc6 35. c5 a5 36. Rb8 axb4 37. axb4 Rc7 38. f4 Kg6 39. Kf3 Kf6 40.
Re8 Rd7 41. Ke4 Kf7 42. Re5 Kf6 43. b5 Rc7 44. b6 Rc6 45. h4 Re6 46. Rxe6+ Kxe6
47. c6 {Black resigns} 1-0

[Event "Team 45 45 League T52"]
[Site "Internet Chess Club"]
[Date "2012.02.17"]
[Round "1"]
[White "Zugzwanged"]
[Black "randallsr"]
[Result "1/2-1/2"]
[WhiteElo "1661"]
[BlackElo "1758"]
[Opening "French: Tarrasch, open variation, main line"]
[ECO "C09"]
[Time "10:00:44"]
[TimeControl "2700+45"]

1. e4 e6 2. d4 d5 3. Nd2 c5 4. exd5 exd5 5. Ngf3 Nc6 6. Bb5 Bd6 7. dxc5 Bxc5 8.
O-O Ne7 9. Nb3 Qb6 10. Nxc5 Qxc5 11. Bd3 Bg4 12. c3 O-O 13. Re1 Bh5 14. Be3 Qa5
15. Be2 Rfe8 16. Qc2 Qc7 17. Ng5 Bg6 18. Bd3 Rad8 19. Bxg6 Nxg6 20. Rad1 h6 21.
Nf3 b6 22. Nd4 Nxd4 23. Bxd4 Qd7 24. Rxe8+ Rxe8 25. Qd2 Nh4 26. f3 Re6 27. Bf2
Qe7 28. Qxd5 Nf5 29. Kf1 Ne3+ 30. Bxe3 Rxe3 31. Qd8+ Kh7 32. Qxe7 Rxe7 33. Kf2
g6 34. c4 Kg7 35. b4 Rc7 36. Rc1 a5 37. a3 Kf6 38. Ke3 Ke5 39. f4+ Kf5 40. h3 h5
41. Kf3 f6 42. g4+ hxg4+ 43. hxg4+ Ke6 44. Ke3 g5 45. fxg5 fxg5 46. Ke4 axb4 47.
axb4 Rf7 48. Kd3 Rf4 49. Re1+ Kd6 50. Re4 Rf3+ 51. Kd4 Rg3 52. c5+ bxc5+ 53.
bxc5+ Kc6 54. Re6+ Kc7 55. Re4 Kc6 56. Kc4 Rg1 57. Re6+ Kc7 58. Kd5 Rxg4 59.
Re7+ Kd8 60. Rg7 Rg1 61. Kc6 g4 62. Rg8+ Ke7 63. Kc7 g3 64. c6 g2 65. Kc8 Kf7
66. Rg3 Rc1 67. c7 g1=Q 68. Rxg1 Rxg1 69. Kb7 Rb1+ 70. Ka6 {Game drawn by mutual
agreement} 1/2-1/2

[Event "Team 45 45 League T52"]
[Site "Internet Chess Club"]
[Date "2012.02.18"]
[Round "1"]
[White "b-spot"]
[Black "rahulr"]
[Result "1-0"]
[WhiteElo "1706"]
[BlackElo "1612"]
[Opening "Dutch: classical variation"]
[ECO "A96"]
[Time "20:00:10"]
[TimeControl "2700+45"]

1. d4 f5 2. g3 Nf6 3. Bg2 e6 4. c4 Be7 5. Nf3 O-O 6. O-O d6 7. Nc3 Nbd7 8. b4 e5
9. dxe5 dxe5 10. Qb3 Kh8 11. Rd1 e4 12. Nd4 Ne5 13. Ne6 Bxe6 14. Rxd8 Raxd8 15.
Bf4 Bxc4 16. Qc2 Nc6 17. Nxe4 fxe4 18. Qxc4 Bxb4 19. Qb5 Nd5 20. Bxe4 Nc3 21.
Qxb7 Nxe4 22. Qxc6 Nxf2 23. Kxf2 g5 24. Qxc7 gxf4 25. gxf4 Rd4 26. Qe5+ {Black
resigns} 1-0